 Dungeon Crawl Stone Soup version 0.18-a0-1435-gee79d65 (webtiles) character file.

113704 Duffy the Fencer (level 16, -6/139 HPs)
             Began as a Minotaur Skald on Feb 28, 2016.
             Was the Champion of Cheibriados.
             Mangled by a skeletal warrior
             ... wielding a +0 trident
             ... led by a death knight
              (18 damage)
             ... on level 15 of the Dungeon.
             The game lasted 00:53:39 (30971 turns).

Duffy the Fencer (Minotaur Skald)                  Turns: 30971, Time: 00:53:39

Health: -6/139     AC: 24    Str: 36    XL:     16   Next: 14%
Magic:  22/22      EV: 24    Int: 25    God:    Cheibriados [******]
Gold:   980        SH:  0    Dex: 33    Spells: 5 memorised, 13 levels left

rFire  . . .     SeeInvis .     e - +3 triple sword (distort)
rCold  . . .     Gourm    .     d - +2 chain mail {MR+}
rNeg   + + .     Faith    +     (shield currently unavailable)
rPois  +         Spirit   .     k - +1 hat
rElec  .         Dismiss  .     R - +2 cloak {rPois}
rCorr  +         Reflect  .     D - +2 pair of gloves {Dex+3}
SustAt .         Harm     .     L - +0 pair of boots {Stlth+}
MR     +++..                    y - amulet of faith
Stlth  ..........               g - ring of Atiseun {rCorr rN++}
                                w - ring of Vioh Roisiarr {MR+ Dex+3}

@: very slow, extremely resistant to hostile enchantments, extremely unstealthy
A: retaliatory headbutt, horns 2
a: Bend Time, Temporal Distortion, Slouch, Step From Time, Renounce Religion


You were on level 15 of the Dungeon.
You worshipped Cheibriados.
Cheibriados was exalted by your worship.
You were not hungry.

You visited 3 branches of the dungeon, and saw 25 of its levels.
You visited 2 bazaars.
You also visited: Labyrinth.

You collected 2001 gold pieces.
You spent 1021 gold pieces at shops.


Innate Abilities, Weirdness & Mutations

You reflexively headbutt those who attack you in melee.
You have a pair of horns on your head.


   Skills:
 - Level 12.0 Fighting
 + Level 20.5 Long Blades
 - Level 13.2 Armour
 - Level 12.5 Dodging
 - Level 4.8 Spellcasting
 - Level 2.0 Charms
 - Level 10.0 Invocations
 - Level 5.0 Evocations


You had 13 spell levels left.
You knew the following spells:

 Your Spells              Type           Power        Failure   Level  Hunger
b - Apportation           Tloc           #.........   24%         1    None
c - Blink                 Tloc           N/A          38%         2    None
l - Spectral Weapon       Hex/Chrm       ##......     52%         3    ##.....
s - Song of Slaying       Chrm           ###.....     17%         2    None
y - Regeneration          Chrm/Necr      ##........   52%         3    ##.....

Inventory:

Hand Weapons
 e - a +3 triple sword of distortion (weapon)
 G - a +3 blowgun
Missiles
 I - 53 poisoned needles
 J - 6 throwing nets (quivered)
 U - 3 curare-tipped needles
Armour
 d - a +2 chain mail of magic resistance (worn)
 k - a +1 hat (worn)
 D - a +2 pair of gloves of dexterity (worn)
 L - a +0 pair of boots of stealth (worn)
 R - a +2 cloak of poison resistance (worn)
Rods
 b - a +5 rod of inaccuracy (11/11)
Jewellery
 c - a +2 ring of protection {unknown}
 g - the ring of Atiseun (right hand) {rCorr rN++}

   [ring of resist corrosion]

   It greatly protects you from negative energy.
 r - an uncursed ring of protection from fire
 w - the ring of Vioh Roisiarr (left hand) {MR+ Dex+3}

   [ring of protection from magic]

   It affects your dexterity (+3).
   It affects your resistance to hostile enchantments.
 y - an amulet of faith (around neck)
Wands
 j - a wand of digging (7/24)
 P - a wand of paralysis (12/24)
 S - a wand of heal wounds (3/9)
 Y - a wand of iceblast (4/15)
 Z - a wand of acid (7/15)
Scrolls
 i - 12 scrolls of remove curse
 l - 2 scrolls of magic mapping
 m - 4 scrolls of recharging
 q - 6 scrolls of fog
 s - 3 scrolls of fear
 u - 9 scrolls of enchant armour
 v - 15 scrolls of teleportation
 F - a scroll of silence
 Q - 2 scrolls of blinking
Potions
 f - 9 potions of curing
 h - 3 potions of heal wounds
 o - a potion of ambrosia {unknown}
 p - 4 potions of flight
 t - a potion of invisibility {unknown}
 x - 6 potions of resistance
 z - a potion of agility {unknown}
 A - a potion of haste {unknown}
 B - 2 potions of cancellation
 K - 3 potions of might
 M - 2 potions of degeneration {unknown}
 N - a potion of berserk rage {unknown}
 O - 3 potions of lignification
 X - a potion of brilliance {unknown}
Comestibles
 a - 2 fruits
 n - a slice of pizza
 T - 8 beef jerkies
 V - 15 meat rations
 W - 15 bread rations

Dungeon Overview and Level Annotations

Branches:
Dungeon (15/15)            Temple (0/1) D:6            Lair (8/8) D:8
 Shoals (0/4) Lair:5        Snake (0/4) Lair:5        Slime (0/6) Lair:6
    Orc (2/2) D:9             Elf (0/3) Orc:2        Vaults (0/5) D:13
 Depths: D:15

Altars:
Cheibriados
Dithmenos
Elyvilon
Okawaru
Pakellas
Sif Muna
Trog
Vehumet
Xom
The Shining One
Beogh
Jiyva

Shops:
D:11 (   Orc:2 [*(:

Annotations:
D:11 exclusion: orange crystal statue
Lair:7 Kirke
Abyss:1 Agnes, Louise


Message History

The slime creature completely misses you.
The skeletal warrior misses you. You furiously retaliate!
You headbutt the skeletal warrior.
The skeletal warrior hits you but does no damage.
The sky beast misses you. The slime creature misses you.
The skeletal warrior hits you but does no damage.
The sky beast closely misses you.
The skeletal warrior closely misses you.
The slime creature completely misses you.
The skeletal warrior closely misses you.
You furiously retaliate!
You headbutt the skeletal warrior. The sky beast completely misses you.
You furiously retaliate!
You headbutt the sky beast!
You kill the sky beast!
Cheibriados thoroughly appreciates the change of pace.
The skeletal warrior hits you but does no damage.
The slime creature completely misses you.
You furiously retaliate!
You headbutt the slime creature!
You kill the slime creature!
Cheibriados appreciates the change of pace.
The skeletal warrior hits you with a short sword.
The skeletal warrior closely misses you.
The skeletal warrior misses you. You furiously retaliate!
You headbutt the skeletal warrior, but do no damage.
The skeletal warrior hits you but does no damage.
The skeletal warrior completely misses you.
You furiously retaliate!
You headbutt the skeletal warrior!
The skeletal warrior hits you but does no damage.
The skeletal warrior completely misses you.
The skeletal warrior hits you but does no damage.
The skeletal warrior closely misses you.
You furiously retaliate!
You headbutt the skeletal warrior! The skeletal warrior misses you.
The skeletal warrior hits you from afar with a trident!!
You die...

........#
........#
........# .......#
......##########
##+##...z.........
#...#)...........?
#..<#(..)%@.......
#...(....z........
#...#.............
#####.............
...............
................
..#####+###......
.. ......


You could see 2 skeletal warriors.

Action                   |  1- 3 |  4- 6 |  7- 9 | 10-12 | 13-15 | 16-18 || total
-------------------------+-------+-------+-------+-------+-------+-------++-------
Melee: Falchion          |    67 |   208 |   248 |       |       |       ||   523
       Long sword        |       |       |    13 |       |       |       ||    13
       Great sword       |       |       |    79 |   422 |   845 |       ||  1346
       Dire flail        |       |       |       |    18 |    35 |       ||    53
       Triple sword      |       |       |       |       |   109 |    61 ||   170
Invok: Slouch            |       |       |       |     3 |    12 |       ||    15
       Temporal Distorti |       |       |       |       |     2 |       ||     2
Evoke: Wand              |       |       |     1 |       |    10 |       ||    11
       Rod               |       |       |       |       |     3 |       ||     3
  Use: Scroll            |       |     8 |     5 |     5 |    13 |       ||    31
       Potion            |       |       |       |       |     4 |       ||     4
 Stab: Distracted        |       |     1 |       |     1 |     1 |       ||     3
       Paralysed         |       |       |     2 |       |     3 |       ||     5
  Eat: Chunk             |     1 |     7 |     7 |    16 |    15 |     2 ||    48
       Fruit             |       |       |       |       |    12 |       ||    12

Notes
Turn   | Place    | Note
--------------------------------------------------------------
     0 | D:1      | Duffy the Minotaur Skald began the quest for the Orb.
     0 | D:1      | Reached XP level 1. HP: 18/18 MP: 1/1
   284 | D:1      | Reached skill level 3 in Long Blades
   349 | D:1      | Reached XP level 2. HP: 25/25 MP: 3/3
   752 | D:1      | Reached skill level 4 in Long Blades
   805 | D:2      | Reached XP level 3. HP: 30/30 MP: 4/4
   806 | D:2      | Found an oddly glowing altar of Pakellas.
   969 | D:2      | Reached skill level 5 in Long Blades
  1084 | D:2      | Reached XP level 4. HP: 20/37 MP: 5/5
  1505 | D:2      | Reached skill level 6 in Long Blades
  1550 | D:2      | Found a snail-covered altar of Cheibriados.
  1550 | D:2      | Found a white marble altar of Elyvilon.
  1550 | D:2      | Found a bloodstained altar of Trog.
  1550 | D:2      | Found a shimmering altar of Xom.
  1793 | D:2      | Became a worshipper of Cheibriados the Contemplative
  1798 | D:2      | Found a deep blue altar of Sif Muna.
  1798 | D:2      | Found a glowing golden altar of the Shining One.
  1892 | D:2      | Reached XP level 5. HP: 42/42 MP: 6/6
  2710 | D:3      | Reached * piety under Cheibriados
  2867 | D:3      | Reached skill level 7 in Long Blades
  2974 | D:4      | Reached skill level 2 in Armour
  3076 | D:4      | Reached XP level 6. HP: 45/50 MP: 7/7
  3764 | D:4      | Reached skill level 3 in Armour
  4001 | D:4      | Noticed a sky beast
  4031 | D:4      | Killed a sky beast
  4031 | D:4      | Reached skill level 8 in Long Blades
  4031 | D:4      | Reached skill level 4 in Armour
  4031 | D:4      | Reached XP level 7. HP: 7/56 MP: 8/8
  4343 | D:4      | Reached ** piety under Cheibriados
  5249 | D:5      | Entered Level 5 of the Dungeon
  5469 | D:5      | Reached skill level 3 in Fighting
  5519 | D:5      | Found a shadowy altar of Dithmenos.
  5641 | D:5      | Reached skill level 9 in Long Blades
  5650 | D:5      | Reached *** piety under Cheibriados
  5677 | D:5      | Reached skill level 4 in Fighting
  5880 | D:5      | Reached XP level 8. HP: 56/67 MP: 9/9
  5929 | D:5      | Reached skill level 5 in Fighting
  5942 | D:5      | Noticed Menkaure
  5951 | D:5      | Killed Menkaure
  5951 | D:5      | Reached skill level 1 in Invocations
  6204 | D:5      | Reached skill level 2 in Invocations
  6295 | D:5      | Reached skill level 10 in Long Blades
  6305 | D:5      | Reached **** piety under Cheibriados
  6495 | D:5      | Learned a level 3 spell: Regeneration
  6499 | D:5      | Learned a level 3 spell: Spectral Weapon
  6552 | D:6      | Reached skill level 3 in Invocations
  6836 | D:6      | Found a staircase to the Ecumenical Temple.
  6887 | D:6      | Reached skill level 1 in Evocations
  6929 | D:6      | Reached skill level 4 in Invocations
  7301 | D:6      | Reached ***** piety under Cheibriados
  7446 | D:7      | Reached skill level 11 in Long Blades
  7448 | D:7      | Reached XP level 9. HP: 70/74 MP: 11/11
  7571 | D:7      | Noticed Pikel
  7588 | D:7      | Killed Pikel
  7588 | D:7      | Reached skill level 5 in Invocations
  7866 | D:7      | Reached skill level 12 in Long Blades
  7882 | D:7      | Reached skill level 6 in Invocations
  8340 | D:8      | Noticed a komodo dragon
  8352 | D:8      | Killed a komodo dragon
  8357 | D:8      | Reached skill level 7 in Invocations
  8532 | D:8      | Found a staircase to the Lair.
  8568 | D:8      | Reached XP level 10. HP: 73/81 MP: 14/14
  8776 | D:8      | Reached skill level 13 in Long Blades
  9059 | D:8      | Found a radiant altar of Vehumet.
  9475 | D:9      | Reached skill level 8 in Invocations
  9486 | D:9      | Reached skill level 2 in Evocations
  9581 | D:9      | Found a staircase to the Orcish Mines.
  9645 | D:9      | Reached skill level 3 in Evocations
  9816 | D:9      | Reached ****** piety under Cheibriados
 10185 | D:10     | Entered Level 10 of the Dungeon
 10239 | D:10     | Reached skill level 14 in Long Blades
 10296 | D:10     | Reached skill level 4 in Evocations
 10447 | D:10     | Reached skill level 2 in Dodging
 10453 | D:10     | Reached skill level 5 in Armour
 10707 | D:10     | Noticed a gargoyle
 10714 | D:10     | Killed a gargoyle
 10744 | D:10     | Noticed Grum
 10749 | D:10     | Reached skill level 6 in Fighting
 10756 | D:10     | Killed Grum
 10756 | D:10     | Reached XP level 11. HP: 36/89 MP: 16/16
 11029 | D:10     | Noticed MordorOrchid's ghost (journeyman OpEn)
 11050 | D:10     | Killed MordorOrchid's ghost
 11050 | D:10     | Reached skill level 3 in Dodging
 11131 | D:10     | Noticed a hill giant
 11136 | D:10     | Killed a hill giant
 11205 | D:10     | Found a glowing golden altar of the Shining One.
 11249 | D:10     | Reached skill level 6 in Armour
 11280 | D:10     | Reached skill level 4 in Dodging
 11350 | D:10     | Noticed a hill giant
 11358 | D:10     | Killed a hill giant
 11358 | D:10     | Reached skill level 7 in Fighting
 11781 | Orc:1    | Entered Level 1 of the Orcish Mines
 11835 | Orc:1    | Found a roughly hewn altar of Beogh.
 12218 | Orc:1    | Reached skill level 7 in Armour
 12218 | Orc:1    | Reached skill level 5 in Dodging
 12624 | Lair:1   | Entered Level 1 of the Lair of Beasts
 12671 | Lair:1   | Reached skill level 8 in Fighting
 12676 | Lair:1   | Reached skill level 15 in Long Blades
 13107 | Lair:1   | Reached skill level 8 in Armour
 13178 | Lair:1   | Reached skill level 6 in Dodging
 13341 | Lair:1   | Reached XP level 12. HP: 89/103 MP: 17/17
 13396 | Lair:1   | Learned a level 2 spell: Song of Slaying
 13488 | Lair:1   | Noticed an eight-headed hydra
 13494 | Lair:1   | Killed an eight-headed hydra
 13760 | Lair:1   | Noticed a six-headed hydra
 13775 | Lair:1   | Killed a six-headed hydra
 13775 | Lair:1   | Reached skill level 9 in Fighting
 14535 | Lair:2   | Reached skill level 7 in Dodging
 14539 | Lair:2   | Reached skill level 9 in Armour
 14819 | Lair:2   | Reached skill level 16 in Long Blades
 14881 | Lair:2   | Noticed Harold
 14891 | Lair:2   | Killed Harold
 15263 | Lair:2   | Noticed a five-headed hydra
 15270 | Lair:2   | Killed a five-headed hydra
 15270 | Lair:2   | Reached skill level 10 in Armour
 15270 | Lair:2   | Reached skill level 8 in Dodging
 16813 | Lair:4   | Reached XP level 13. HP: 107/111 MP: 18/18
 16972 | Lair:4   | Noticed Urug
 16984 | Lair:4   | Killed Urug
 16984 | Lair:4   | Reached skill level 17 in Long Blades
 17339 | Lair:4   | Reached skill level 9 in Dodging
 18030 | Lair:5   | Found a staircase to the Snake Pit.
 18058 | Lair:5   | You fall through a shaft for 2 floors!
 18063 | Lair:7   | Noticed Maud
 18074 | Lair:7   | Killed Maud
 18074 | Lair:7   | Reached skill level 10 in Dodging
 18357 | Lair:7   | Reached skill level 18 in Long Blades
 18773 | Lair:6   | Found a labyrinth entrance.
 18807 | Lab      | Entered a labyrinth
 19036 | Lab      | Noticed a minotaur
 19043 | Lab      | Killed a minotaur
 19043 | Lab      | Reached skill level 19 in Long Blades
 19045 | Lab      | Got a scintillating steel ring
 19049 | Lab      | Identified the ring of Atiseun {rCorr rN++} (You found it in a labyrinth)
 19490 | Lair:5   | Noticed Josephine
 19500 | Lair:5   | Reached XP level 14. HP: 100/118 MP: 19/19
 19505 | Lair:5   | Killed Josephine
 19669 | Lair:5   | Found a staircase to the Shoals.
 20591 | Lair:6   | Learned a level 1 spell: Apportation
 20594 | Lair:6   | Learned a level 2 spell: Blink
 20749 | Lair:6   | Found a viscous altar of Jiyva.
 20876 | Lair:6   | Found a staircase to the Slime Pits.
 21164 | Lair:7   | Reached skill level 20 in Long Blades
 21224 | Lair:7   | Reached skill level 11 in Armour
 21622 | Lair:7   | Noticed Kirke
 21628 | Lair:8   | Entered Level 8 of the Lair of Beasts
 21641 | Lair:8   | Reached skill level 9 in Invocations
 21982 | Lair:8   | Reached skill level 10 in Invocations
 22243 | Lair:8   | Reached skill level 5 in Evocations
 22633 | Lair:8   | Reached skill level 10 in Fighting
 22791 | Lair:8   | Reached skill level 11 in Fighting
 24128 | D:10     | Reached skill level 12 in Fighting
 24221 | Orc:2    | Entered Level 2 of the Orcish Mines
 24531 | Orc:1    | Reached XP level 15. HP: 132/132 MP: 21/21
 24797 | Orc:2    | Found Doheadastra's Antique Armour Boutique.
 24820 | Orc:2    | Noticed Azrael
 24828 | Orc:2    | Killed Azrael
 25014 | Orc:2    | Noticed an orc warlord
 25026 | Orc:2    | Killed an orc warlord
 25057 | Orc:2    | Reached skill level 11 in Dodging
 25474 | Orc:2    | Reached skill level 12 in Armour
 25643 | Orc:2    | Found Ikocuippi's Book Shoppe.
 25821 | Orc:2    | Found Maweh's Antique Weapon Shoppe.
 25847 | Orc:2    | Found Guaveiw's General Store.
 25849 | Orc:2    | Found a staircase to the Elven Halls.
 26154 | Orc:2    | Found a gateway to a bazaar.
 26166 | Orc:2    | Found an iron altar of Okawaru.
 26577 | D:11     | Found a flickering gateway to a bazaar.
 26590 | Bazaar   | Entered a bazaar
 26599 | Bazaar   | Found Foefasti's Book Shop.
 26599 | Bazaar   | Found Xogext's Jewellery Boutique.
 26606 | Bazaar   | Got a smoking steel ring
 26623 | Bazaar   | Identified the ring of Vioh Roisiarr {MR+ Dex+3} (You found it in a bazaar)
 26625 | Bazaar   | Bought an uncursed amulet of faith for 440 gold pieces
 26772 | D:11     | Found a roughly hewn altar of Beogh.
 26882 | D:11     | Found Jeingi's Antique Weapon Emporium.
 27553 | D:12     | Reached skill level 12 in Dodging
 27555 | D:12     | Noticed Rupert
 27555 | D:12     | Noticed Erolcha
 27711 | D:12     | Noticed Snorg
 27719 | D:11     | Killed Snorg
 27774 | D:11     | Killed Erolcha
 27833 | D:12     | Killed Rupert
 27833 | D:12     | Reached skill level 13 in Armour
 27839 | D:12     | Noticed Fannar
 27861 | D:12     | Killed Fannar
 28076 | D:12     | Found a shadowy altar of Dithmenos.
 28196 | D:12     | Identified the Almanac of Augmentations (You found it on level 12 of the Dungeon)
 28523 | Bazaar   | Entered a bazaar
 28523 | Bazaar   | Found Josi's Antique Weapon Boutique.
 28523 | Bazaar   | Found Kiduzin's Weapon Shop.
 28523 | Bazaar   | Found Ufapnuz's Antique Armour Shop.
 28534 | Bazaar   | Bought a glowing triple sword for 190 gold pieces
 28537 | Bazaar   | Bought a pair of runed gloves for 108 gold pieces
 28604 | Orc:2    | Bought a scroll of enchant weapon for 135 gold pieces
 28604 | Orc:2    | Bought a scroll of identify for 36 gold pieces
 28628 | Orc:2    | Bought a pair of embroidered boots for 112 gold pieces
 29080 | D:13     | Got a smoking glass ring
 29109 | D:13     | Found a gate to the Vaults.
 29112 | D:13     | Reached skill level 2 in Spellcasting
 29114 | D:13     | Identified the ring "Hiul" {Fire Dex+4} (You found it on level 13 of the Dungeon)
 29246 | D:13     | Noticed Nessos
 29391 | D:13     | Killed Nessos
 29490 | D:13     | Reached skill level 3 in Spellcasting
 30107 | D:14     | Noticed Agnes
 30109 | D:14     | Banished Agnes
 30119 | D:14     | Reached skill level 4 in Spellcasting
 30424 | D:14     | Reached XP level 16. HP: 139/139 MP: 22/22
 30738 | D:14     | Noticed Louise
 30896 | D:14     | Banished Louise
 30937 | D:15     | Entered Level 15 of the Dungeon
 30971 | D:15     | Mangled by a skeletal warrior

Vault maps used:
D:1:      dpeg_arrival_boxes_within_box
D:2:      minmay_overflow_temple_hex, grunt_pakellas_basics
D:3:      minmay_box_of_dots
D:5:      nicolae_overflow_hidden_temple, first_bread, uniq_menkaure
D:6:      minmay_temple_entry_glass
D:7:      uniq_pikel
D:8:      vehumet_statue, dpeg_lair_monsters
D:9:      orc_david_3
D:10:     grunt_ogre_cave, tso_metal_star, uniq_grum
D:11:     special_room, serial_shops, bzr_entry_safe, nicolae_shop_stone,
          minivault_16
D:12:     basic_altar, minmay_misc_feat_diagonals, kennysheep_just_a_vault,
          uniq_snorg, uniq_rupert, uniq_fannar, uniq_erolcha
D:13:     david_vaults_1, minmay_fountain_box, uniq_nessos
D:14:     uniq_agnes, uniq_louise
D:15:     grunt_enter_depths_snipers
Lair:1:   st_stairs_9, serial_bayou_ford_a
Lair:2:   beast_lair_carwin_7, uniq_harold
Lair:4:   uniq_urug
Lair:5:   minmay_shoals_entry_lonely_mermaid, minmay_snake_entry_spellcaster,
          wad_woods_river_02, st_stairs_3, uniq_josephine
Lair:6:   slime_altar_1, lab_entry_generic, st_stairs_3
Lair:7:   minmay_lindwurm_lava, grunt_megastairs_2, uniq_maud, uniq_kirke
Lair:8:   minmay_lair_end_frog_pond
Orc:1:    nicolae_orc_accident_1, basic_altar
Orc:2:    grunt_orc_gardens, grunt_orc_garden, grunt_orc_garden,
          grunt_orc_garden, grunt_orc_garden, serial_shops, bzr_entry_road,
          okawaru_metal_pillars_1_2, uniq_azrael
Lab:      labyrinth_hidden_loot, labyrinth_skeletal_remains
Bazaar:   bazaar_mystics, bazaar_outfitter

Vanquished Creatures
  Rupert Maud
  An orc warlord Nessos Azrael Snorg
  A minotaur Josephine Harold
  A yaktaur captain Fannar
  12 hydras Erolcha
  2 centaur warriors
  2 death knights
  6 death yaks
  The ghost of MordorOrchid the Covert, a journeyman OpEn of Sif Muna
  A tengu warrior
  6 orc high priests Urug
  A skeletal warrior
  2 unseen horrors Pikel
  A necromancer
  4 orc knights
  5 hill giants
  A wizard
  3 griffons
  A manticore
  6 orc sorcerers
  An ugly thing
  A cyclops
  A siren
  17 elephants
  7 black mambas
  5 centaur zombies
  A naga mage
  20 spiny frogs
  A gargoyle
  A torpor snail
  2 kobold demonologists
  A yaktaur
  4 rime drakes
  9 komodo dragons
  3 freezing wraiths
  A tengu conjurer
  5 trolls
  A giant leech
  3 two-headed ogres
  29 blink frogs
  7 slime creatures
  2 shadows
  6 wyverns
  2 hogs
  47 yaks
  4 fire elementals
  8 wraiths
  A steam dragon
  6 basilisks
  16 hippogriffs
  A golden eye (shapeshifter)
  A hungry ghost
  12 vampire mosquitoes Grum Menkaure
  2 wargs
  21 wolves
  2 mottled dragons
  19 water moccasins
  15 porcupines
  3 hell hounds
  6 sky beasts
  3 slaves
  41 orc warriors
  A necrophage
  A wasp
  4 ice beasts
  13 centaurs
  13 ogres
  2 phantoms
  30 crocodiles
  3 big kobolds
  33 giant frogs
  A gnoll sergeant
  2 scorpions
  4 wights
  12 killer bees
  8 howler monkeys
  5 electric eels
  6 crimson imps
  4 giant frog skeletons
  A quasit
  A wasp zombie
  5 jellies
  5 hounds
  19 orc priests
  6 centaur skeletons
  11 iguanas
  30 orc wizards
  A statue
  9 worker ants
  6 sheep
  2 hound skeletons
  A howler monkey zombie
  2 worker ant zombies
  13 adders
  26 gnolls
  A howler monkey skeleton
  27 river rats
  3 shadow imps
  A worm
  4 dart slugs
  8 giant geckos
  108 orcs
  2 ball pythons
  2 giant cockroaches
  6 goblins
  5 hobgoblins
  12 jackals
  6 quokkas
  7 bats
  4 giant newts
  8 kobolds
  A quokka skeleton
  A quokka zombie
  4 rats
  80 fungi
  58 plants
1036 creatures vanquished.
